 Dungeon Crawl Stone Soup version 0.17-a0-737-gf0a300a (webtiles) character file.

338 Ngotmuk the Covered (level 6, -4/57 HPs)
             Began as a Deep Dwarf Fighter on Apr 26, 2015.
             Was an Initiate of Ru.
             Slain by Ngotmuk's ghost (6 damage)
             ... on level 4 of the Dungeon.
             The game lasted 00:08:36 (3187 turns).

Ngotmuk the Covered (Deep Dwarf Fighter)            Turns: 3187, Time: 00:08:37

Health: -4/57      AC: 12    Str: 27    XL:     6   Next: 29%
Magic:  6/6        EV:  9    Int: 10    God:    Ru [......]
Gold:   213        SH:  5    Dex: 12    Spells: 0 memorised, 5 levels left

rFire  . . .     SeeInvis +     o - +0 war axe (flame)
rCold  . . .     Clarity  .     r - +0 chain mail "Deod" {+Inv MR- Int+2 SInv}
rNeg   . . .     SustAb   .     i - +0 buckler (curse)
rPois  .         Gourm    .     j - +0 helmet
rElec  .         Spirit   .     q - +0 cloak (curse)
rCorr  .         Warding  .     (no gloves)
rMut   .         Stasis   .     (no boots)
MR     .....                    (no amulet)
Stlth  ..........               (no ring)
                                (no ring)

@: mighty, non-regenerating, not resistant to hostile enchantments, extremely
unstealthy
A: damage resistance, recharge devices, sense surroundings 1, slow healing 3
a: Device Recharging, Renounce Religion, Evoke Invisibility


You were on level 4 of the Dungeon.
You worshipped Ru.
Ru was noncommittal.
You were not hungry.

You visited 1 branch of the dungeon, and saw 4 of its levels.

You collected 213 gold pieces.

Inventory:

Hand weapons
 o - a +0 war axe of flaming (weapon)
Armour
 c - a +2 cloak of magic resistance
 i - a cursed +0 buckler (worn)
 j - a +0 helmet (worn)
 n - a +0 plate armour
 q - a cursed +0 cloak (worn)
 r - the +0 chain mail "Deod" (worn) {+Inv MR- Int+2 SInv}
   (You found it on level 4 of the Dungeon)

   It affects your intelligence (+2).
   It affects your resistance to hostile enchantments.
   It enhances your eyesight.
   It lets you turn invisible.
Magical devices
 e - a wand of heal wounds (7)
Potions
 a - a potion of ambrosia {unknown}
 b - 2 potions of berserk rage {unknown}
 g - 2 potions of curing {unknown}
 l - 2 potions of cancellation {unknown}
Comestibles
 f - 7 bread rations
 h - 5 fruits
 k - a meat ration
 p - a beef jerky


   Skills:
 + Level 3.9 Fighting
 + Level 3.7 Axes
 + Level 4.6 Armour
 + Level 2.3 Dodging
 + Level 4.5 Shields


You had 5 spell levels left.
You didn't know any spells.

Dungeon Overview and Level Annotations

Branches:
Dungeon (4/15)
 Temple: D:4-7

Altars:
Ashenzari
Fedhas
Makhleb
Okawaru
Ru
The Shining One

Annotations:
D:3 Ngotmuk's ghost, average DDFi
D:4 Ngotmuk's ghost, average DDFi


Innate Abilities, Weirdness & Mutations

You are resistant to damage.
You can recharge devices by infusing magical energy.
You passively map a small area around you.
You do not heal naturally.


Message History

The ogre is heavily wounded.
You barely miss Ngotmuk's ghost.
Ngotmuk's ghost is lightly damaged.
The ogre hits you with a giant spiked club!
* * * LOW HITPOINT WARNING * * *
You block Ngotmuk's ghost's attack.
You slash the ogre! You burn the ogre.
You kill the ogre!
You have reached level 6!
Your experience leads to an increase in your attributes!
Your base attributes are Str 21, Int 8, Dex 12.
Increase (S)trength, (I)ntelligence, or (D)exterity?
You feel stronger.
You barely miss Ngotmuk's ghost.
Ngotmuk's ghost is lightly damaged.
Ngotmuk's ghost barely misses you.
You hit Ngotmuk's ghost but do no damage.
Ngotmuk's ghost is lightly damaged.
Ngotmuk's ghost hits you!
You die...

#.#.# #....### *
#############.#.#######.......
.........................>#.###
....###.#####.#.#######.......
#.# #.#.# ####.### * #.#
#.#.####### #.###
....###.#####.#.......# #....
+............#W#######.# #####
# ....###.###.#@# #.# # .... *
#.# #.#)# #.# #
##..####.###.#.# #.########
#.....)........# #.#.......
#..#.####.###.### #.#.###### ,*
#.# #.# #.#.###### ,#.* #.# #.#
#.#....... * #.#* #.# #.#
#(######## ..* #.#
#O#########.........


You could see Ngotmuk's ghost.

Vanquished Creatures
  An ogre (D:4)
  2 hounds (D:3)
  2 worker ants
  A gnoll (D:3)
  5 adders (D:2)
  An adder skeleton (D:4)
  3 worms
  A giant gecko (D:3)
  4 orcs
  3 giant cockroaches
  8 hobgoblins
  3 jackals (D:2)
  9 kobolds
  A quokka (D:3)
  A ball python (D:2)
  7 bats
  2 giant newts
  9 goblins
  14 rats
77 creatures vanquished.

Notes
Turn   | Place    | Note
--------------------------------------------------------------
     0 | D:1      | Ngotmuk, the Deep Dwarf Fighter, began the quest for the Orb.
     0 | D:1      | Reached XP level 1. HP: 20/20 MP: 1/1
   187 | D:1      | Reached XP level 2. HP: 21/27 MP: 2/2
   720 | D:1      | Reached XP level 3. HP: 20/34 MP: 3/3
  1526 | D:2      | Reached XP level 4. HP: 42/42 MP: 4/4
  1975 | D:2      | Reached skill level 4 in Armour
  2306 | D:3      | Reached skill level 1 in Dodging
  2361 | D:3      | Found a shattered altar of Ashenzari.
  2363 | D:3      | Found a glowing golden altar of the Shining One.
  2365 | D:3      | Found a sacrificial altar of Ru.
  2365 | D:3      | Found a blossoming altar of Fedhas.
  2365 | D:3      | Found a burning altar of Makhleb.
  2365 | D:3      | Found an iron altar of Okawaru.
  2371 | D:3      | Became a worshipper of Ru the Awakened
  2573 | D:3      | Reached XP level 5. HP: 41/49 MP: 5/5
  2575 | D:3      | Noticed Ngotmuk's ghost (average DDFi)
  2873 | D:4      | Noticed an ogre
  2989 | D:4      | Got a faintly humming chain mail
  3010 | D:4      | Identified the +0 chain mail "Deod" {+Inv MR- Int+2 SInv} (You found it on level 4 of the Dungeon)
  3177 | D:4      | Noticed Ngotmuk's ghost (average DDFi)
  3185 | D:4      | HP: 2/50 [ogre/giant spiked club (11)]
  3186 | D:4      | Killed an ogre
  3186 | D:4      | Reached XP level 6. HP: 2/57 MP: 6/6
  3187 | D:4      | Slain by Ngotmuk's ghost

Action                   |  1- 3 |  4- 6 || total
-------------------------+-------+-------++-------
Melee: War axe           |   132 |   130 ||   262
Evoke: Wand              |     1 |       ||     1
  Use: Scroll            |       |     2 ||     2
       Potion            |       |     1 ||     1
  Eat: Meat ration       |     1 |     1 ||     2
